Description

Strong opening 0-10 min, sets up really strong economy and gives allot of timing attack options.

VOD

https://www.youtube.com/watch?v=eDkV2MECyKk&ab_channel=Harstem

Replay - maru v TLHarstem: Game 4 - Oxide LE

Build Order

Get SALT Encoding   

  12  0:00  SCV  
  13  0:12  SCV  
  14  0:16  Supply Depot  
  14  0:24  SCV  
  15  0:38  SCV  
  15  0:40  Barracks  
  16  0:43  Refinery  
  16  0:50  SCV  
  17  1:02  SCV  
  18  1:14  SCV  
  19  1:27  Reaper, Orbital Command  
  20  1:39  Command Center  
  20  1:51  Supply Depot  
  20  1:52  SCV  
  21  1:59  Marine  
  22  2:05  SCV  
  23  2:10  Barracks  
  23  2:17  Barracks Reactor  
  23  2:19  SCV  
  25  2:40  Command Center  
  25  2:50  Orbital Command  
  26  2:54  Marine x2  
  26  2:57  Barracks Tech Lab  
  29  3:12  Marine x2  
  32  3:18  Stimpack  
  32  3:19  Marine  
  34  3:26  Engineering Bay  
  35  3:28  Barracks  
  35  3:29  Marine  
  37  3:34  Refinery  
  37  3:38  Marine x2  
  39  3:47  Supply Depot, Marine  
  42  3:53  Orbital Command  
  46  4:04  Terran Infantry Weapons Level 1  
  47  4:11  Factory  
  49  4:17  Missile Turret  
  55  4:31  Missile Turret  
  55  4:38  Refinery  
  56  4:40  Supply Depot  
  56  4:57  Refinery, Combat Shield  
  61  5:05  Starport, Factory Reactor  
  62  5:11  Supply Depot  
  63  5:14  Orbital Command  
  63  5:18  Barracks Tech Lab  
  66  5:21  Marauder  
  66  5:26  Barracks x2  
  60  5:43  Concussive Shells, Marauder x2  
  67  5:51  Medivac x2, Factory Reactor  
  74  6:01  Terran Infantry Armor Level 1  
  74  6:07  Marauder x2  
  74  6:09  Missile Turret  
  81  6:16  Barracks Tech Lab, Barracks Reactor  
  84  6:24  Armory  
  85  6:34  Marauder x3  
  93  6:44  Missile Turret  
  92  6:51  Widow Mine x2  
  98  6:54  Medivac x2  
  109  7:08  Marauder x2  
  109  7:12  Engineering Bay  
  116  7:27  Medivac x2, Widow Mine x2  
  131  7:39  Command Center  
  131  7:43  Terran Infantry Weapons Level 2  
  134  7:52  Refinery x2  
  133  8:03  Widow Mine x2, Medivac x2  
  151  8:18  Barracks x2  
  150  8:26  Widow Mine x2  
  157  8:33  Medivac  
  151  8:56  Widow Mine  
  151  8:57  Medivac  
  150  9:11  Widow Mine  
  132  9:35  Orbital Command  
Spawning Tool Build Advisor. Get it on Overwolf

Go to:

Details

  • Created by: Annonymus
  • Published on: Jul 18, 2021
  • Modified on: Jul 18, 2021
  • Patch: 4.11.0
  • Difficulty: Hard
Show
View Real Time Build Order
Export as new Build Order

Comments (0)

There are no comments. Be the first!

Create an account to comment!